 Dungeon Crawl Stone Soup version 0.23-a0-480-g1869896 (webtiles) character file.

18055 tilp the Frost Mage (level 12, -16/95 HPs)
             Began as a Merfolk Ice Elementalist on Nov 27, 2018.
             Was a Priest of Makhleb.
             Demolished by a minotaur (26 damage)
             ... in a labyrinth on Nov 28, 2018.
             The game lasted 01:17:27 (20062 turns).

tilp the Frost Mage (Merfolk Ice Elementalist)     Turns: 20062, Time: 01:17:28

Health: -16/95     AC: 19    Str: 13    XL:     12   Next: 54%
Magic:  19/21      EV: 18    Int: 24    God:    Makhleb [***...]
Gold:   395        SH:  7    Dex: 14    Spells: 7/23 levels left

rFire    + . .     SeeInvis .   a - +1 trident (venom)
rCold    . . .     Gourm    .   J - +2 buckler
rNeg     . . .     Faith    .   U - +2 robe {rF+}
rPois    .         Spirit   .   g - +0 helmet
rElec    .         Reflect  .   Z - +2 cloak
rCorr    .         Harm     .   (no gloves)
MR       .....                  l - +0 pair of boots
Stlth    ++........             E - amulet of rage
HPRegen  0.25/turn              (no ring)
MPRegen  0.17/turn              V - ring of Ynat {AC+1 Str+4}

@: brilliant, icy armour, very slightly contaminated
A: change form in water, swift swim, stealthy swim
a: Minor Destruction, Lesser Servant of Makhleb, Renounce Religion, Evoke
Berserk Rage


You were in a labyrinth.
You worshipped Makhleb.
Makhleb was most pleased with you.
You were not hungry.

You visited 3 branches of the dungeon, and saw 14 of its levels.
You also visited: Labyrinth and Sewer.

You collected 854 gold pieces.
You spent 459 gold pieces at shops.

Inventory:

Hand Weapons
 a - a +1 trident of venom (weapon)
 b - a +3 scimitar of flaming
 H - a cursed -3 halberd
Missiles
 f - 2 poisoned tomahawks (quivered)
 I - 3 throwing nets
Armour
 g - a +0 helmet (worn)
 l - a +0 pair of boots (worn)
 J - a +2 buckler (worn)
 U - a +2 robe of fire resistance (worn)
 Z - a +2 cloak (worn)
Jewellery
 e - an uncursed amulet of magic regeneration {unknown}
 m - a +2 ring of intelligence {unknown}
 p - a cursed ring of attention {unknown}
 E - an amulet of rage (around neck)
 S - an uncursed ring of stealth
 V - the ring of Ynat (right hand) {AC+1 Str+4}
   (You bought it in a shop on level 5 of the Dungeon)

   [ring of protection]

   It affects your AC (+1).
   It affects your strength (+4).
Wands
 N - a wand of polymorph (22)
 O - a wand of flame (16)
 R - a wand of clouds (3)
 T - a wand of enslavement (11)
Scrolls
 i - a scroll of summoning {unknown}
 k - a scroll of amnesia
 u - a scroll of fear
 z - 7 scrolls of teleportation
 C - a scroll of blinking
 D - 2 scrolls of fog
 F - 5 scrolls of remove curse
 M - a scroll of enchant armour {unknown}
Potions
 h - 5 potions of flight
 j - a potion of ambrosia
 o - 4 potions of agility
 q - 5 potions of magic
 r - 4 potions of curing
 s - 2 potions of lignification
 t - 2 potions of berserk rage
 x - 2 potions of haste {unknown}
 B - 2 potions of might
 G - 3 potions of brilliance
Miscellaneous
 d - a phial of floods (inert)
Comestibles
 c - 18 rations


   Skills:
 - Level 9.0 Fighting
 * Level 10.3 Polearms
 - Level 9.0 Dodging
 - Level 2.1 Stealth
 - Level 4.0 Shields
 - Level 6.0 Spellcasting
 - Level 4.0 Conjurations
 - Level 4.0 Charms
 + Level 12.5 Ice Magic
 - Level 5.8 Invocations
 + Level 5.4 Evocations


You had 7 spell levels left.
You knew the following spells:

 Your Spells              Type           Power        Failure   Level  Hunger
a - Freeze                Ice            ####         1%          1    None
b - Throw Frost           Conj/Ice       ######       1%          2    None
c - Ozocubu's Armour      Chrm/Ice       ######..     1%          3    #......
d - Throw Icicle          Conj/Ice       ######..     1%          4    ###....
e - Swiftness             Chrm/Air       ####....     1%          2    None
f - Conjure Flame         Conj/Fire      ####....     1%          3    #......
g - Apportation           Tloc           ###...       1%          1    None

Your spell library contained the following spells:

 Spells                   Type           Power        Failure   Level  Hunger
 Sandblast                Erth           ###...       1%          1    None
 Shock                    Conj/Air       ####         1%          1    None
 Sting                    Conj/Pois      ####         1%          1    None
 Summon Butterflies       Summ           ###.....     1%          1    None
 Passwall                 Tmut/Erth      ###.....     1%          2    None
 Poisonous Vapours        Pois/Air       ###...       1%          2    None
 Mephitic Cloud           Conj/Pois/Air  ####....     1%          3    #......
 Static Discharge         Conj/Air       ####....     1%          3    #......
 Stone Arrow              Conj/Erth      ####..       1%          3    #......
 Summon Ice Beast         Ice/Summ       ######..     1%          4    ###....
 Lesser Beckoning         Tloc           ###.......   3%          3    #......
 Tukima's Dance           Hex            ###.....     3%          3    #......
 Airstrike                Air            ###.......   9%          4    ###....
 Olgreb's Toxic Radiance  Pois           ###.....     9%          4    ###....
 Petrify                  Tmut/Erth      ###.....     9%          4    ###....
 Lightning Bolt           Conj/Air       ####......   11%         5    #####..
 Venom Bolt               Conj/Pois      ####......   11%         5    #####..
 Freezing Cloud           Conj/Ice/Air   #####.....   13%         6    ######.
 Alistair's Intoxication  Tmut/Pois      ###.....     22%         5    #####..
 Lee's Rapid Deconstruct  Erth           ###.......   22%         5    #####..
 Invisibility             Hex            ###.....     69%         6    ######.
 Ring of Flames           Chrm/Fire      ####......   90%         7    #######


Dungeon Overview and Level Annotations

Branches:
Dungeon (11/15)            Temple (1/1) D:5            Lair (2/6) D:10
    Orc (0/2) D:11
  Swamp: Lair:2-4    Shoals: Lair:2-4     Snake: Lair:2-4    Spider: Lair:2-4

Altars:
Ashenzari
Cheibriados
Dithmenos
Elyvilon
Fedhas
Gozag
Hepliaklqana
Kikubaaqudgha
Makhleb
Nemelex Xobeh
Okawaru
Qazlal
Ru
Sif Muna
Trog
Uskayaw
Vehumet
Wu Jian
Xom
Yredelemnul
Zin
The Shining One

Shops:
D:5 =   D:6 ?   D:7 *

Annotations:
D:6 Blork the orc
D:9 exclusion: statue
D:10 exclusion: black bear, Sonja
Lair:1 exclusion: hydra
Lair:2 Gastronok


Message History

The minotaur is engulfed in blazing flames.
You block the minotaur's attack.
The minotaur gores you but does no damage.
You hit the minotaur but do no damage.
The minotaur is heavily wounded.
Unknown command.
You feel better. The minotaur closely misses you.
The minotaur gores you but does no damage.
You barely miss the minotaur.
The minotaur is heavily wounded.
The minotaur misses you. The minotaur barely misses you.
You feel better. The minotaur hits you!!
* * * LOW HITPOINT WARNING * * *
The minotaur gores you!
* * * LOW HITPOINT WARNING * * *
Unknown command.
The minotaur blocks your attack.
The minotaur is heavily wounded.
The minotaur hits you!!
You die...

. . # # # . #
. # . ..# .
##. . #.# # .
#. .# # # ≈ #
#### # # . #
.(4.#. . #
#≈####H##.# .
. . #§@#(( (#
... #.#H#### .
.# .. . .
#§......... .
.
###########..#
.. .. ... ...
# # . # . . #
. . .## . . .
.. . # # # .#


You could see a minotaur.

Vanquished Creatures
  Erica (D:10)
  A centaur warrior (D:9)
  Nergalle (D:10)
  An orc knight (D:10)
  A cyclops (D:11)
  An ugly thing (D:11)
  Joseph (D:10)
  A black mamba (Lair:2)
  3 spiny frogs (Lair:1)
  A gargoyle (D:11)
  4 komodo dragons
  A rime drake (Lair:1)
  A kobold demonologist (D:10)
  A minotaur skeleton (Lab)
  3 trolls
  A hippogriff (D:8)
  A spriggan (D:9)
  2 redbacks (Lab)
  9 yaks
  A steam dragon (D:9)
  5 hungry ghosts
  A two-headed ogre zombie (D:11)
  4 porcupines (Lair:1)
  A water moccasin (Lair:1)
  Duvessa (D:7)
  4 orc warriors
  3 sky beasts
  3 ice beasts
  4 phantoms
  3 wolves (Lair:1)
  A black bear (D:11)
  6 ogres
  2 centaurs
  A crocodile (Lair:2)
  5 bullfrogs
  15 big kobolds
  A gnoll sergeant (D:7)
  A water moccasin zombie (D:7)
  2 scorpions
  Dowan (D:7)
  2 troll zombies (D:11)
  A troll skeleton (Lab)
  A howler monkey (D:4)
  2 bullfrog zombies (D:8)
  2 crimson imps (D:7)
  5 jellies
  A quasit (D:7)
  Crazy Yiuf (D:5)
  A bullfrog skeleton (D:10)
  4 hounds
  11 orc wizards
  A centaur zombie (D:9)
  7 orc priests
  A centaur skeleton (D:4)
  A gnoll shaman (D:7)
  3 iguanas
  Terence (D:2)
  7 worker ants
  5 ogre zombies (D:11)
  A hound zombie (D:7)
  A howler monkey skeleton (D:7)
  9 adders
  10 gnolls
  2 shadow imps
  3 oozes
  An adder zombie (D:6)
  3 adder skeletons
  4 worms
  3 dart slugs
  9 leopard geckos
  34 orcs
  3 ball pythons
  9 bats
  7 giant cockroaches
  8 goblins
  14 hobgoblins
  13 jackals
  2 quokkas
  11 frilled lizards
  3 goblin zombies (D:11)
  A hobgoblin skeleton (D:11)
  A hobgoblin zombie (D:11)
  31 kobolds
  A leopard gecko zombie (D:6)
  7 orc skeletons (D:11)
  11 orc zombies (D:11)
  2 quokka skeletons (D:5)
  7 rats
  5 plants (Sewer)
373 creatures vanquished.

Vanquished Creatures (collateral kills)
  Harold (D:10)
  An ogre (D:9)
2 creatures vanquished.

Vanquished Creatures (others)
  2 big kobolds
  A scorpion (D:11)
  4 kobolds (D:11)
  2 plants
9 creatures vanquished.

Grand Total: 384 creatures vanquished

Notes
Turn   | Place    | Note
-------+----------+-------------------------------------------
     0 | D:1      | tilp the Merfolk Ice Elementalist began the quest for the
                  | Orb.
     0 | D:1      | Reached XP level 1. HP: 13/13 MP: 3/3
   240 | D:1      | Reached XP level 2. HP: 16/19 MP: 0/5
   263 | D:1      | Reached skill level 4 in Ice Magic
  1042 | D:1      | Reached XP level 3. HP: 24/24 MP: 6/6
  1371 | D:1      | Reached skill level 5 in Ice Magic
  1506 | D:1      | Learned a level 2 spell: Throw Frost
  1510 | D:1      | Learned a level 3 spell: Ozocubu's Armour
  1511 | D:2      | Found a snail-covered altar of Cheibriados.
  1631 | D:2      | Noticed Terence
  1643 | D:2      | Killed Terence
  1643 | D:2      | Reached XP level 4. HP: 23/30 MP: 1/7
  2276 | D:2      | Reached skill level 6 in Ice Magic
  2276 | D:2      | Reached XP level 5. HP: 19/35 MP: 6/8
  2724 | D:2      | Found a stormy altar of Qazlal.
  2739 | D:2      | Found a glowing golden altar of the Shining One.
  2855 | D:3      | Found a glowing drain.
  2885 | Sewer    | Entered a sewer
  3979 | D:3      | Found a deep blue altar of Sif Muna.
  4053 | D:3      | Reached skill level 7 in Ice Magic
  4583 | D:4      | Noticed a centaur
  4636 | D:4      | Reached XP level 6. HP: 41/41 MP: 9/9
  4877 | D:4      | Found an ancient bone altar of Kikubaaqudgha.
  4923 | D:4      | Reached skill level 8 in Ice Magic
  5129 | D:4      | Reached XP level 7. HP: 37/46 MP: 5/10
  5361 | D:4      | Found a bloodstained altar of Trog.
  5389 | D:4      | Reached skill level 1 in Shields
  5400 | D:4      | Reached skill level 1 in Fighting
  5655 | D:5      | Entered Level 5 of the Dungeon
  5777 | D:5      | Found Irphotyme's Jewellery Emporium.
  5836 | D:5      | Learned a level 4 spell: Throw Icicle
  6112 | D:5      | Found a staircase to the Ecumenical Temple.
  6122 | Temple   | Entered the Ecumenical Temple
  6212 | Temple   | Became a worshipper of Makhleb the Destroyer
  6540 | D:5      | Reached XP level 8. HP: 49/56 MP: 8/11
  6590 | D:5      | Reached skill level 1 in Conjurations
  6590 | D:5      | Reached skill level 1 in Charms
  6770 | D:5      | Found a runed door.
  6934 | D:5      | Noticed Crazy Yiuf
  6939 | D:5      | Killed Crazy Yiuf
  7164 | D:6      | Noticed Blork the orc
  7524 | D:6      | Found Hujil's Magic Scroll Emporium.
  7570 | D:6      | Bought a scroll of random uselessness for 13 gold pieces
  7570 | D:6      | Bought a scroll of identify for 26 gold pieces
  7570 | D:6      | Bought a scroll of identify for 26 gold pieces
  7570 | D:6      | Bought a scroll of identify for 26 gold pieces
  7570 | D:6      | Bought a scroll of identify for 26 gold pieces
  7578 | D:6      | Reached skill level 11 in Ice Magic
  7578 | D:6      | Reached XP level 9. HP: 75/75 MP: 14/14
  7582 | D:6      | Learned a level 2 spell: Swiftness
  7842 | D:7      | Found a sparkling altar of Nemelex Xobeh.
  7885 | D:7      | Reached * piety under Makhleb
  8425 | D:7      | Found Irphuuxzar's Assorted Antiques.
  8686 | D:7      | Reached skill level 1 in Invocations
  8686 | D:7      | Reached skill level 1 in Evocations
  8765 | D:7      | Reached XP level 10. HP: 82/82 MP: 16/16
  8967 | D:7      | Reached ** piety under Makhleb
  9096 | D:7      | Noticed Dowan
  9111 | D:7      | Noticed Duvessa
  9170 | D:7      | Killed Dowan
  9262 | D:7      | Killed Duvessa
  9429 | D:7      | Learned a level 3 spell: Conjure Flame
 10206 | D:8      | Found a shadowy altar of Dithmenos.
 11088 | D:9      | Noticed a centaur warrior
 11183 | D:9      | Upgraded the game from 0.23-a0-473-gc8aadda to
                  | 0.23-a0-480-g1869896
 11366 | D:9      | Found a radiant altar of Vehumet.
 11534 | D:9      | Killed a centaur warrior
 11534 | D:9      | Reached skill level 5 in Invocations
 11857 | D:9      | Found a sacrificial altar of Ru.
 12188 | D:7      | Bought a runed robe for 103 gold pieces
 12260 | D:5      | Bought the ring of Ynat {AC+1 Str+4} for 239 gold pieces
 12356 | D:10     | Entered Level 10 of the Dungeon
 12574 | D:10     | Got a distressingly furry ring mail
 12577 | D:10     | Got a warped chain mail
 12579 | D:10     | Noticed Nergalle
 12595 | D:10     | Killed Nergalle
 12595 | D:10     | Reached XP level 11. HP: 86/87 MP: 12/17
 12747 | D:10     | Noticed Sonja
 12910 | D:10     | Noticed Erica
 13021 | D:10     | Reached *** piety under Makhleb
 13153 | D:10     | Noticed Harold
 13501 | D:10     | Reached skill level 5 in Spellcasting
 13501 | D:10     | Reached skill level 12 in Ice Magic
 14689 | D:11     | Noticed a cyclops
 14719 | D:11     | Killed a cyclops
 14907 | D:11     | Learned a level 1 spell: Apportation
 14969 | D:11     | Reached skill level 1 in Polearms
 15031 | D:11     | Found a staircase to the Orcish Mines.
 15182 | D:11     | Noticed a red ugly thing
 15449 | D:11     | Reached **** piety under Makhleb
 16035 | D:11     | Killed a red ugly thing
 16554 | D:10     | Killed Erica
 16554 | D:10     | Reached skill level 5 in Polearms
 16564 | D:10     | Killed Harold
 16565 | D:10     | Noticed a +4 great sword
 16565 | D:10     | Noticed Joseph
 16734 | D:10     | Noticed an orc knight
 17167 | D:10     | Killed an orc knight
 17352 | D:10     | Killed Joseph
 17352 | D:10     | Reached XP level 12. HP: 95/95 MP: 8/21
 17354 | D:10     | Found a staircase to the Lair.
 17356 | D:10     | Identified the +5 ring mail "Qiqir" {+Fly rN+ Int+3} (You
                  | found it on level 10 of the Dungeon)
 17440 | Lair:1   | Entered Level 1 of the Lair of Beasts
 17610 | Lair:1   | Noticed an eight-headed hydra
 18705 | Lair:1   | Reached skill level 5 in Evocations
 18861 | Lair:2   | Noticed Gastronok
 18886 | Lair:2   | Found a labyrinth entrance.
 18945 | Lab      | Entered a labyrinth
 19130 | Lab      | Reached skill level 10 in Polearms
 19604 | Lab      | Found an exit through the horrors of the Abyss.
 19856 | Lab      | Found an exit through the horrors of the Abyss.
 20002 | Lab      | Identified the +10 plate armour "Ruosmi" {rPois SInv}
 20002 | Lab      | Identified the +4 shield "Kuheb" {rF++}
 20002 | Lab      | Noticed a minotaur
 20027 | Lab      | HP: 4/95 [minotaur (4)]
 20044 | Lab      | HP: 2/95 [minotaur/steel javelin (14)]
 20062 | Lab      | Demolished by a minotaur

Vault maps used:
D:1:      roderic_chinese_lattice_arrival, minmay_hexomino_f4
D:2:      minmay_recursive_quarters, cheibriados_altar_1, minitemple,
          uniq_terence
D:3:      marbit_many_paths, portal_sewer_entry_f
D:4:      kiku_gazebo_pond_becter, old_standard_altar
D:5:      minmay_temple_entry_glassed_door, first_ration, serial_shops,
          nicolae_shop_trees, uniq_crazy_yiuf_cottage
D:6:      cheibrodos_thug_alley, serial_shops, kennysheep_mini,
          uniq_blork_the_orc
D:7:      lemuel_crystal_altar, serial_shops, nicolae_shop_overgrown_old_shop,
          minmay_liquid_box, uniq_duvessa
D:8:      overflow_temple_1_default
D:9:      vehumet_statue, nicolae_ru_great_annihilating_truth, the_bakery,
          minmay_misc_feat_nine_boxes
D:10:     lair_entry_dummy, special_room, sword_in_stone, uniq_nergalle,
          uniq_sonja, uniq_erica
D:11:     zombieorc2_lemuel, lemuel_nasty_fountain
Temple:   minmay_temple_forest_path
Lair:1:   grunt_megastairs_3
Lair:2:   lab_entry_generic, infiniplex_staircase_pool_2, serial_bayou_shore_a,
          minmay_lair_oklob_chamber, uniq_gastronok
Lab:      labyrinth_mini_lab, nicolae_lab_garden, nicolae_lab_x,
          labyrinth_fake_exit, nicolae_lab_flowing_pool, nicolae_lab_grate
Sewer:    sewer_co_scattered_pipes

Skill      XL: |  1  2  3  4  5  6  7  8  9 10 11 12 |
---------------+-------------------------------------+-----
Ice Magic      | 4 5 6 7 8 11 12 | 12.5
Dodging        | 4 8 9 |  9.0
Shields        | 4 |  4.0
Fighting       | 2 8 9 |  9.0
Conjurations   | 2 4 |  4.0
Charms         | 3 4 |  4.0
Spellcasting   | 3 4 6 |  6.0
Invocations    | 1 5 |  5.8
Evocations     | 1 4 5 |  5.4
Polearms       | 7 10 | 10.3
Stealth        | |  2.1

Action                   |  1- 3 |  4- 6 |  7- 9 | 10-12 || total
-------------------------+-------+-------+-------+-------++-------
Melee: Short sword       |    61 |   278 |   263 |   619 ||  1221
       Tailslap          |       |     3 |       |       ||     3
       Trident           |       |       |       |   249 ||   249
Throw: Stone             |     5 |       |       |       ||     5
       Tomahawk          |       |     5 |    20 |    21 ||    46
       Throwing net      |       |       |       |     1 ||     1
 Cast: Freeze            |    27 |    13 |    21 |   134 ||   195
       Ozocubu's Armour  |       |     5 |    26 |    72 ||   103
       Throw Frost       |       |     2 |    15 |    50 ||    67
       Conjure Flame     |       |       |       |    16 ||    16
       Apportation       |       |       |       |     4 ||     4
Invok: Lesser Servant of |       |       |       |    15 ||    15
Evoke: Wand              |       |       |       |     8 ||     8
       Phial of floods   |       |       |       |     2 ||     2
  Use: Scroll            |       |    11 |     9 |     9 ||    29
       Potion            |       |       |     1 |     7 ||     8
 Stab: Sleeping          |     1 |     7 |     1 |     8 ||    17
       Distracted        |       |       |       |     2 ||     2
  Eat: Chunk             |     3 |    12 |    12 |    22 ||    49
       Ration            |       |       |     1 |    10 ||    11
Armor: Robe              |    13 |    25 |    68 |   203 ||   309
Dodge: Dodged            |    59 |   118 |   205 |   547 ||   929
Block: Buckler           |       |       |    38 |   269 ||   307

Table legend:
 A = Non-vault XP
 B = Vault XP
 C = Vault XP percentage of total XP
 D = Non-vault monster count
 E = Vault monster count
 F = Vault count percentage of total count
                 A         B        C        D         E       F
            +---------+---------+-------+---------+---------+-------
      Total |   15833 |    8113 |  33.9 |     242 |     129 |  34.8
            +---------+---------+-------+---------+---------+-------
        D:1 |      61 |       7 |  10.3 |      30 |       4 |  11.8
        D:2 |      49 |      68 |  58.1 |      20 |      10 |  33.3
        D:3 |      36 |      12 |  25.0 |      12 |       5 |  29.4
        D:4 |     631 |       0 |   0.0 |      21 |       0 |   0.0
        D:5 |     496 |      44 |   8.1 |      15 |       1 |   6.2
        D:6 |     406 |     110 |  21.3 |      12 |      12 |  50.0
        D:7 |    1679 |     209 |  11.1 |      37 |       2 |   5.1
        D:8 |     995 |       0 |   0.0 |      31 |       0 |   0.0
        D:9 |    1852 |     268 |  12.6 |      13 |       5 |  27.8
       D:10 |    1691 |    4885 |  74.3 |      15 |      23 |  60.5
       D:11 |    2487 |     723 |  22.5 |      14 |      34 |  70.8
     Lair:1 |    4584 |     145 |   3.1 |      19 |       1 |   5.0
     Lair:2 |     866 |       0 |   0.0 |       3 |       0 |   0.0
        Lab |       0 |    1568 | 100.0 |       0 |       8 | 100.0
      Sewer |       0 |      74 | 100.0 |       0 |      24 | 100.0
            +---------+---------+-------+---------+---------+-------
